 Dungeon Crawl Stone Soup version 0.29.1-12-g30fa7ad0bf (webtiles) character file.

Game seed: 14407412598889379914

11311 suipiss the Artisan of Death (level 11, 0/68 HPs)
             Began as a Demonspawn Earth Elementalist on Jan 18, 2023.
             Was a Priest of Kikubaaqudgha.
             Killed from afar by a gargoyle (11 damage)
             ... with a stone arrow
             ... on level 11 of the Dungeon.
             The game lasted 00:37:52 (15579 turns).

suipiss the Artisan of Death (DsEE)                Turns: 15579, Time: 00:37:53

Health: 0/68       AC:  6    Str: 17    XL:     11   Next: 47%
Magic:  13/22      EV: 16    Int: 19    God:    Kikubaaqudgha [***...]
Gold:   722        SH:  0    Dex: 13    Spells: 3/25 levels left

rFire   . . .      SeeInvis .     - Unarmed
rCold   + . .      Faith    +   (no shield)
rNeg    . . .      Spirit   .   I - +1 leather armour of Cebunump {Rampage Will+}
rPois   .          Reflect  .   x - +0 helmet
rElec   .          Harm     .   J - +0 cloak
rCorr   .          Rampage  +   (gloves unavailable)
Will    +....                   (no boots)
Stlth   ++........              v - amulet of faith
HPRegen 0.21/turn               k - ring of protection from cold
MPRegen 0.18/turn               y - +6 ring of strength

@: agile, wereblooded, very slightly contaminated
A: icemail 1, powered by pain 1, condensation shield, demonic touch 3
a: Renounce Religion, Unearth Wretches


You were on level 11 of the Dungeon.
You worshipped Kikubaaqudgha.
Kikubaaqudgha was most pleased with you.
You visited 2 branches of the dungeon, and saw 12 of its levels.
You also visited: Ossuary.

You collected 804 gold pieces.
You spent 82 gold pieces at shops.

Inventory:

Hand Weapons
 g - a +0 whip
 i - a +1 whip of venom
 q - a +2 falchion of flaming
 u - the +7 dagger of Descent {protect, rF+ Will+ Dex+2}
   (You found it on level 11 of the Dungeon)

   It grants its wielder temporary protection when it strikes (+7 to AC).
   Dex:       It affects your dexterity (+2).
   rF:        It protects you from fire.
   Will:      It increases your willpower.
Missiles
 F - a throwing net
Armour
 a - a +0 robe
 c - a +2 buckler
 f - +0 acid dragon scales
 h - a +2 leather armour of cold resistance
 x - a +0 helmet (worn)
 z - +0 steam dragon scales
 I - the +1 leather armour of Cebunump (worn) {Rampage Will+}
   (You found it on level 8 of the Dungeon)

   Rampage:   It bestows one free step when moving towards enemies.
   Will:      It increases your willpower.
 J - a +0 cloak (worn)
Jewellery
 e - an amulet of regeneration
 k - a ring of protection from cold (left hand)
 v - an amulet of faith (around neck)
 y - a +6 ring of strength (right hand)
 D - a ring of positive energy
 K - a ring of fire
 L - a ring of ice
Wands
 b - a wand of polymorph (5)
 t - a wand of charming (7)
 A - a wand of mindburst (8)
 E - a wand of flame (28)
Scrolls
 d - a scroll of amnesia
 l - 4 scrolls of enchant weapon
 o - 9 scrolls of teleportation
 s - a scroll of brand weapon
 C - a scroll of poison
 H - a scroll of vulnerability
Potions
 j - 3 potions of curing
 p - 2 potions of brilliance
 r - a potion of magic
 w - 3 potions of mutation
 G - 3 potions of flight


   Skills:
 - Level 3.0 Armour
 - Level 1.7 Dodging
 - Level 1.7 Stealth
 + Level 5.1 Unarmed Combat
 * Level 7.9 Spellcasting
 - Level 4.0 Conjurations
 * Level 8.9 Necromancy
 * Level 7.6 Transmutations
 * Level 8.2 Earth Magic


You had 3 spell levels left.
You knew the following spells:

 Your Spells              Type           Power      Damage    Failure   Level
a - Sandblast             Erth           76%        2d16      1%          1
b - Stone Arrow           Conj/Erth      60%        3d10      2%          3
c - Petrify               Tmut/Erth      37%        N/A       4%          4
d - Wereblood             Tmut           36%        N/A       1%          2
e - Spider Form           Tmut/Pois      22%        N/A       7%          3
f - Animate Dead          Necr           41%        N/A       2%          4
g - Borgnjor's Vile Clut  Necr/Erth      20%        N/A       9%          5

Your spell library contained the following spells:

 Spells                   Type           Power      Damage    Failure   Level
 Beastly Appendage        Tmut           72%        N/A       1%          1
 Necrotise                Necr           100%       1d9       1%          1
 Passwall                 Tmut/Erth      30%        N/A       1%          2
 Vampiric Draining        Necr           41%        2d8       1%          3
 Foxfire                  Conj/Fire      60%        2x1d7     4%          1
 Static Discharge         Conj/Air       15%        3-5/arc   8%          2
 Slow                     Hex            28%        N/A       11%         1
 Ignite Poison            Fire/Tmut/Pois 17%        N/A       12%         3
 Conjure Flame            Conj/Fire      15%        6-21      14%         3
 Scorch                   Fire           14%        2d6       17%         2
 Inner Flame              Hex/Fire       7%         N/A       32%         3
 Ozocubu's Armour         Ice            7%         N/A       32%         3
 Summon Guardian Golem    Hex/Summ       7%         N/A       32%         3
 Dispel Undead            Necr           41%        3d16      2%          4
 Agony                    Necr           41%        N/A       8%          5
 Anguish                  Hex/Necr       12%        N/A       17%         4
 Ice Form                 Ice/Tmut       22%        N/A       22%         4
 Corpse Rot               Necr/Pois/Air  18%        N/A       32%         4
 Death Channel            Necr           20%        N/A       38%         6
 Flame Wave               Conj/Fire      15%        2d7       43%         4
 Hailstorm                Conj/Ice       15%        3d5       43%         4
 Sticky Flame             Conj/Fire      15%        2d4       43%         4
 Airstrike                Air            3%         2d(1-17)  73%         4
 Summon Lightning Spire   Summ/Air       7%         N/A       73%         4
 Lightning Bolt           Conj/Air       7%         1d20      80%         5
 Simulacrum               Ice/Necr       12%        N/A       95%         6
 Metabolic Englaciation   Hex/Ice        3%         N/A       97%         5
 Summon Cactus Giant      Summ           3%         N/A       100%        6
 Enfeeble                 Hex            3%         N/A       100%        7
 Orb of Destruction       Conj           11%        9d6       100%        7
 Spellforged Servitor     Conj/Summ      7%         N/A       100%        7
 Discord                  Hex            3%         N/A       100%        8
 Maxwell's Capacitive Co  Air            3%         ∞         100%        8


Dungeon Overview and Level Annotations

Branches:
Dungeon (11/15)            Temple (1/1) D:6            Lair (0/5) D:11
    Orc (0/2) D:11        Ossuary (visited)

Altars:
Ashenzari
Cheibriados
Dithmenos
Fedhas
Gozag
Hepliaklqana
Kikubaaqudgha
Makhleb
Nemelex Xobeh
Okawaru
Qazlal
Ru
Sif Muna
Trog
Uskayaw
Vehumet
Wu Jian
Xom
Yredelemnul

Shops:
D:2 *   D:11 (


Innate Abilities, Weirdness & Mutations

A meltable icy envelope protects you from harm. (AC +0)
You sometimes gain a little power by taking damage.
A meltable shield of frost defends you. (SH +0)
Your touch may irresistibly damage your foes and sap their willpower.


Message History

The stone arrow hits you!
You hit the gargoyle but do no damage.
You touch the gargoyle!
You sap its willpower!
The gargoyle is almost destroyed.
The gargoyle hits you with a +0 morningstar!
Casting: Wereblood (safe; 1% risk of failure)
Confirm with . or Enter, or press ? or * to list all spells.
Aiming: Stone Arrow (dangerous; 2% risk of failure)
Press: ? - help, Shift-Dir - straight line, f - gargoyle
Aim: a gargoyle, wielding a +0 morningstar (almost destroyed, weak-willed, 88% to hit)
The stone arrow hits the gargoyle but does no damage.
The gargoyle is almost destroyed.
You howl as the wereblood boils in your veins!
The orc barely misses you. The gargoyle barely misses you.
The orc hits you but does no damage.
Casting: Stone Arrow (dangerous; 2% risk of failure)
Confirm with . or Enter, or press ? or * to list all spells.
Aiming: Stone Arrow (dangerous; 2% risk of failure)
Press: ? - help, Shift-Dir - straight line, f/p - gargoyle
Aim: a gargoyle, wielding a +0 morningstar (almost destroyed, weak-willed, 88% to hit)
You miscast Stone Arrow.
You are very lightly contaminated with residual magic.
Nothing appears to happen.
The gargoyle hurls a stone arrow at you.
The stone arrow hits you!
* * * LOW HITPOINT WARNING * * *
The orc closely misses you. The orc wizard completely misses you.
The orc barely misses you.
Casting: Stone Arrow (dangerous; 2% risk of failure)
Confirm with . or Enter, or press ? or * to list all spells.
Aiming: Stone Arrow (dangerous; 2% risk of failure)
Press: ? - help, Shift-Dir - straight line, f/p - gargoyle
Aim: a gargoyle, wielding a +0 morningstar (almost destroyed, weak-willed, 88% to hit)
The stone arrow hits the gargoyle.
The gargoyle is almost destroyed.
The orc barely misses you.
The gargoyle hurls a stone arrow at you.
The stone arrow hits you!
You die...
Kikubaaqudgha rasps: "You have failed me!
Welcome... death!"

######### #........
###### #.....[..
.....# ######.Oo....?
.....# #.....@9.o...>
.....# #....#oo#!....
.....### #....#..#
...
.......####....#....
!
.....#....'....######
###
.....######.......#
#'# .....# #...)...#
#.# ###### #.......#
#.# # ##'###### ###.#


You could see a gargoyle (weak-willed), an ogre, an orc wizard and 3 orcs.

Vanquished Creatures
  Fannar (D:11)
  Erica (D:11)
  2 manticores (D:11)
  An ugly thing (D:10)
  2 cyclopes
  A gargoyle (D:11)
  A kobold demonologist (D:9)
  Grinder (D:3)
  2 trolls
  A hornet (D:10)
  A wraith (D:7)
  2 yaks
  A wyvern (D:7)
  2 steam dragons
  3 vampire mosquitoes (D:10)
  2 acid dragons
  5 water moccasins
  4 orc warriors
  A black bear (D:11)
  An ogre (D:4)
  3 centaurs
  2 kobold brigands
  7 bullfrogs
  6 necrophages
  A gnoll sergeant (D:10)
  2 scorpions
  3 wights (D:8)
  6 crimson imps (D:8)
  8 howler monkeys
  5 hounds
  2 jellies
  3 orc priests
  2 iguanas (D:6)
  8 orc wizards
  3 mummies (Ossuary)
  7 gnolls
  4 adders
  4 white imps
  2 ufetubi
  4 dart slugs
  38 orcs
  9 ball pythons
  8 endoplasms
  4 giant cockroaches
  A gnoll zombie (Ossuary)
  5 goblins
  6 hobgoblins
  8 jackals
  6 quokkas
  7 bats
  2 frilled lizards
  3 goblin zombies (Ossuary)
  2 hobgoblin zombies (Ossuary)
  19 kobolds
  4 kobold zombies (Ossuary)
  3 quokka zombies (Ossuary)
  9 rats
  5 rat zombies (Ossuary)
256 creatures vanquished.

Vanquished Creatures (collateral kills)
  A boulder beetle (D:11)
  A two-headed ogre (D:11)
  A vampire (D:11)
  A water moccasin (D:11)
  A bullfrog (D:11)
  An orc (D:5)
6 creatures vanquished.

Vanquished Creatures (others)
  48 fungi (D:11)
  49 plants (D:11)
97 creatures vanquished.

Grand Total: 359 creatures vanquished

Notes
Turn   | Place    | Note
-------+----------+-------------------------------------------
     0 | D:1      | suipiss the Demonspawn Earth Elementalist began the quest
                  | for the Orb.
     0 | D:1      | Reached XP level 1. HP: 13/13 MP: 3/3
    80 | D:1      | Reached skill level 1 in Transmutations
   248 | D:1      | Gained mutation: A meltable shield of frost defends you.
                  | (SH +0) [demonic ancestry]
   248 | D:1      | Reached XP level 2. HP: 19/19 MP: 3/5
   367 | D:1      | Reached skill level 1 in Necromancy
   802 | D:1      | Gained mutation: Your touch may inflict minor irresistible
                  | damage on your foes. [demonic ancestry]
   802 | D:1      | Reached XP level 3. HP: 24/24 MP: 3/6
  1410 | D:2      | Learned a level 3 spell: Stone Arrow
  1522 | D:2      | Found Toin's General Store.
  1698 | D:2      | Gained mutation: A meltable icy envelope protects you from
                  | harm. (AC +0) [demonic ancestry]
  1698 | D:2      | Reached XP level 4. HP: 24/30 MP: 2/8
  2233 | D:3      | Reached skill level 1 in Conjurations
  2271 | D:3      | Noticed Grinder
  2281 | D:3      | Killed Grinder
  2282 | D:3      | Reached skill level 1 in Unarmed Combat
  2282 | D:3      | Gained mutation: Your touch may inflict irresistible damage
                  | on your foes. [demonic ancestry]
  2282 | D:3      | Reached XP level 5. HP: 24/35 MP: 0/9
  2282 | D:3      | Reached XP level 6. HP: 28/41 MP: 0/10
  3519 | D:4      | Learned a level 4 spell: Petrify
  3536 | D:4      | Reached XP level 7. HP: 31/46 MP: 12/12
  3822 | D:5      | Entered Level 5 of the Dungeon
  4175 | D:5      | Found a snail-covered altar of Cheibriados.
  4177 | D:5      | Found a hazy altar of Hepliaklqana.
  4476 | D:5      | Reached XP level 8. HP: 47/52 MP: 4/14
  5195 | D:5      | Reached skill level 1 in Armour
  5625 | D:2      | Bought a scroll of blinking for 82 gold pieces
  6140 | D:6      | Found a staircase to the Ecumenical Temple.
  6149 | Temple   | Entered the Ecumenical Temple
  6250 | D:6      | Reached skill level 5 in Earth Magic
  6747 | D:6      | Learned a level 2 spell: Wereblood
  6751 | D:6      | Learned a level 3 spell: Spider Form
  6963 | D:6      | Reached skill level 5 in Necromancy
  7147 | D:7      | Gained mutation: You sometimes gain a little power by
                  | taking damage. [demonic ancestry]
  7147 | D:7      | Reached XP level 9. HP: 36/57 MP: 0/16
  7262 | D:7      | Reached skill level 5 in Spellcasting
  7479 | D:7      | HP: 2/57 [water moccasin (3)]
  8197 | D:7      | Reached skill level 5 in Transmutations
  8455 | D:7      | Found a sparkling altar of Nemelex Xobeh.
  8554 | D:8      | Found an ancient bone altar of Kikubaaqudgha.
  8565 | D:8      | Got the Folio of Grounded Glamour
  8576 | D:8      | Became a worshipper of Kikubaaqudgha
  8622 | D:8      | Found a sand-covered staircase.
  8644 | Ossuary  | Entered an ossuary
  8729 | Ossuary  | Reached * piety under Kikubaaqudgha
  8729 | Ossuary  | Received a gift from Kikubaaqudgha
  9325 | D:8      | Identified the +1 leather armour of Cebunump {Rampage
                  | Will+}
  9954 | D:9      | Learned a level 4 spell: Animate Dead
  9959 | D:9      | Noticed a troll
  9974 | D:9      | Killed a troll
 10080 | D:9      | Gained mutation: Your touch may irresistibly damage your
                  | foes and sap their willpower. [demonic ancestry]
 10080 | D:9      | Reached XP level 10. HP: 37/63 MP: 3/19
 10273 | D:9      | Reached ** piety under Kikubaaqudgha
 10368 | D:9      | Noticed a cyclops
 10397 | D:9      | Killed a cyclops
 10939 | D:9      | Found a shadowy altar of Dithmenos.
 11253 | D:10     | Entered Level 10 of the Dungeon
 11701 | D:10     | Noticed a brown ugly thing
 11714 | D:10     | Killed a brown ugly thing
 12604 | D:10     | Found a radiant altar of Vehumet.
 12604 | D:10     | Found a broken altar of Ashenzari.
 12606 | D:10     | Found a shimmering blue altar of Sif Muna.
 12806 | D:11     | Noticed a manticore
 12811 | D:11     | Killed a manticore
 13015 | D:11     | Noticed Fannar
 13060 | D:11     | Killed Fannar
 13076 | D:11     | Reached XP level 11. HP: 18/68 MP: 5/21
 13731 | D:11     | Identified the +7 dagger of Descent {protect, rF+ Will+
                  | Dex+2}
 13797 | D:11     | Noticed a two-headed ogre
 13797 | D:11     | Noticed a boulder beetle
 13914 | D:11     | Reached *** piety under Kikubaaqudgha
 13914 | D:11     | Received a gift from Kikubaaqudgha
 13952 | D:10     | Learned a level 5 spell: Borgnjor's Vile Clutch
 14151 | D:11     | Killed a two-headed ogre
 14167 | D:11     | Killed a boulder beetle
 14168 | D:11     | Reached skill level 5 in Unarmed Combat
 14546 | D:11     | Found a staircase to the Lair.
 14677 | D:11     | Found Qyry's Antique Weapon Boutique.
 14781 | D:11     | Noticed Erica
 14801 | D:11     | Killed Erica
 15339 | D:11     | Found a shimmering altar of Xom.
 15556 | D:11     | Found a staircase to the Orcish Mines.
 15579 | D:11     | Killed from afar by a gargoyle

Illustrated notes

Levels and vault maps discovered:
D:1:      lightli_arrival_quake, layout_loops_ring, nrook_mini_backslash,
          minmay_misc_feat_four_crosses, st_stairs_3, minmay_quantized
D:2:      layout_loops_ring, serial_shops, shop_fountains
D:3:      layout_loops_ring, uniq_grinder
D:4:      layout_rooms
D:5:      layout_loops_cross, chequers_temple_overflow_statue_of_worship,
          hangedman_minor_gate_pass
D:6:      layout_rooms, minmay_temple_entry_purple_smoke,
          corexii_item_surrounded_by_moat
D:7:      layout_rooms, nemelex_spade_bored_becter
D:8:      layout_basic, mainiacjoe_overflow_24_doors,
          nicolae_ossuary_entry_monument, serial_curves, eino_curves_03,
          eino_curves_03, minmay_nine_imps
D:9:      layout_gridville, marbit_many_paths
D:10:     layout_irregular_city, grunt_temple_overflow_open
D:11:     layout_roguey, due_lair_maze_entry_diamond, erik_orc_1, serial_shops,
          shop, tgw_xom, uniq_erica, uniq_fannar
Temple:   nicolae_temple_ecumenical_triangle

Skill      XL: |  1  2  3  4  5  6  7  8  9 10 11 |
---------------+----------------------------------+-----
Transmutations | 1 2 3 4 5 6 7 |  7.6
Necromancy     | 1 2 3 4 5 6 8 |  8.9
Earth Magic    | 3 4 5 6 7 8 |  8.2
Conjurations   | 1 2 3 4 |  4.0
Unarmed Combat | 1 2 3 4 5 |  5.1
Spellcasting   | 3 4 6 7 |  7.9
Armour         | 2 3 |  3.0
Dodging        | |  1.7
Stealth        | |  1.7

Action                   |  1- 3 |  4- 6 |  7- 9 | 10-12 || total
-------------------------+-------+-------+-------+-------++-------
Melee: Whip              |    10 |       |       |       ||    10
       Unarmed           |       |    64 |   317 |   266 ||   647
       Touch             |       |    11 |    63 |    47 ||   121
       Punch             |       |     2 |    10 |     9 ||    21
 Cast: Sandblast         |    61 |    30 |    38 |    11 ||   140
       Stone Arrow       |     1 |     9 |    70 |    60 ||   140
       Petrify           |       |       |    12 |    15 ||    27
       Spider Form       |       |       |     1 |       ||     1
       Wereblood         |       |       |     7 |    11 ||    18
       Borgnjor's Vile C |       |       |       |     1 ||     1
Evoke: Wand              |       |       |     2 |     4 ||     6
  Use: Potion            |     1 |     4 |     9 |    13 ||    27
       Scroll            |     4 |     2 |    12 |    10 ||    28
 Stab: Sleeping          |       |     3 |       |       ||     3
       Petrified         |       |       |    18 |    12 ||    30
       Petrifying        |       |       |     4 |     1 ||     5
Armor: Robe              |     2 |    32 |     4 |       ||    38
       Skin              |       |     1 |    16 |    30 ||    47
       Acid dragon scale |       |       |   108 |       ||   108
       Leather armour    |       |       |    23 |    94 ||   117
Dodge: Dodged            |    13 |    68 |   165 |   137 ||   383
Block: Other             |     4 |    25 |    55 |    60 ||   144
